 Dungeon Crawl Stone Soup version 0.29-a0-973-gac7da5f7f0 (webtiles) character file.

Game seed: 6136637983060093720

126 purpskrrrp the Shooter (level 5, -6/38 HPs)
             Began as a Formicid Hunter on Aug 1, 2022.
             Mangled by a scorpion (7 damage)
             ... on level 3 of the Dungeon.
             The game lasted 00:05:07 (2077 turns).

purpskrrrp the Shooter (Formicid Hunter)            Turns: 2077, Time: 00:05:09

Health: -6/38      AC:  4    Str: 15    XL:     5   Next: 31%
Magic:  5/5        EV: 12    Int:  9    God:
Gold:   75         SH:  0    Dex: 19    Spells: 4/4 levels left

rFire   . . .      SeeInvis +   a - +0 shortbow
rCold   . . .      Faith    .   (no shield)
rNeg    . . .      Spirit   .   c - +0 leather armour
rPois   .          Reflect  .   (helmet unavailable)
rElec   .          Harm     .   (no cloak)
rCorr   .          Rampage  .   (no gloves)
Will    .....                   e - +0 pair of boots
Stlth   ++........              (no amulet)
HPRegen 0.12/turn               (no ring)
MPRegen 0.09/turn               (no ring)

@: lethally poisoned (-6 -> -10)
A: permanent stasis, dig shafts and tunnels, antennae 3, four strong arms
a: Dig, Shaft Self


You were on level 3 of the Dungeon.
You visited 1 branch of the dungeon, and saw 3 of its levels.

You collected 75 gold pieces.

Inventory:

Hand Weapons
 a - a +0 shortbow (weapon)
 f - a +2 dagger of speed
Armour
 c - a +0 leather armour (worn)
 e - a +0 pair of boots (worn)
Scrolls
 b - a scroll of immolation
 d - a scroll of torment {unknown}
 g - a scroll of identify {unknown}
 k - 2 scrolls of enchant weapon {unknown}
 l - a scroll of brand weapon {unknown}
 m - a scroll of teleportation {unknown}
 n - 2 scrolls of fog {unknown}
 o - a scroll of poison {unknown}
Potions
 h - a potion of invisibility {unknown}
 i - a potion of cancellation {unknown}
 j - 2 potions of degeneration {unknown}
 p - a potion of lignification {unknown}
 q - a potion of curing {unknown}


   Skills:
 - Level 2.1 Fighting
 * Level 6.2 Ranged Weapons
 - Level 1.7 Dodging
 + Level 1.2 Stealth


You had 4 spell levels left.
You didn't know any spells.
Your spell library contained the following spells:

 Spells                   Type           Power      Damage    Failure   Level
 Conjure Flame            Conj/Fire      0%         6-21      83%         3
 Ignite Poison            Fire/Tmut/Pois 0%         N/A       83%         3
 Sticky Flame             Conj/Fire      0%         2d3       99%         4


Dungeon Overview and Level Annotations

Branches:
Dungeon (3/15)

Altars:
Ashenzari
Cheibriados


Innate Abilities, Weirdness & Mutations

You cannot be hasted, slowed, berserked, paralysed or teleported.
You can dig through walls and to a lower floor.
You have a pair of large antennae on your head. (SInv)
Your four strong arms can wield two-handed weapons with a shield.


Message History

You shoot an arrow. The arrow barely misses the scorpion.
You feel sick. The scorpion stings you.
Fire: a) +0 shortbow
Press: ? - help, Shift-Dir - straight line, f/p - scorpion
Aim: a scorpion (severely wounded, 65% to hit)
You shoot an arrow.
The arrow hits the scorpion but does no damage.
The scorpion is severely wounded.
You feel sick. The scorpion closely misses you. x2
Fire: a) +0 shortbow
Press: ? - help, Shift-Dir - straight line, f/p - scorpion
Aim: a scorpion (severely wounded, 65% to hit)
You shoot an arrow. The arrow barely misses the scorpion.
You feel sick.
You are no longer poisoned.
The scorpion closely misses you.
Fire: a) +0 shortbow
Press: ? - help, Shift-Dir - straight line, f/p - scorpion
Aim: a scorpion (severely wounded, 65% to hit)
You shoot an arrow. The arrow closely misses the scorpion.
The scorpion stings you.
* * * LOW HITPOINT WARNING * * *
You are lethally poisoned!
The scorpion poisons you!
Fire: a) +0 shortbow
Press: ? - help, Shift-Dir - straight line, f/p - scorpion
Aim: a scorpion (severely wounded, 65% to hit)
You shoot an arrow.
The arrow hits the scorpion but does no damage.
The scorpion is severely wounded.
* * * LOW HITPOINT WARNING * * *
You feel very sick. The scorpion misses you.
The scorpion stings you but does no damage.
Fire: a) +0 shortbow
Press: ? - help, Shift-Dir - straight line, f/p - scorpion
Aim: a scorpion (severely wounded, 65% to hit)
You shoot an arrow. The arrow closely misses the scorpion.
* * * LOW HITPOINT WARNING * * *
You feel sick. The scorpion stings you!
You die...

#[ #.# #.# #.### ###
#...# ...# #...#
...?. #...#...... {
+..@s....!.
#...#......
#...##..... #...#
#...# ##### #...#
#####
##...###...###...##
##.....##.[.##.....##
#.......#...#.......#
#.......†...'.......#


You could see a scorpion.

Vanquished Creatures
  An orc priest (D:3)
  2 adders
  A gnoll (D:1)
  2 worms
  A dart slug (D:1)
  3 orcs (D:3)
  8 ball pythons
  A bat (D:2)
  2 endoplasms (D:2)
  4 giant cockroaches
  7 goblins
  5 hobgoblins
  5 jackals (D:1)
  2 quokkas
  4 frilled lizards
  2 kobolds (D:1)
  4 rats
54 creatures vanquished.

Notes
Turn   | Place    | Note
-------+----------+-------------------------------------------
     0 | D:1      | purpskrrrp the Formicid Hunter began the quest for the Orb.
     0 | D:1      | Reached XP level 1. HP: 16/16 MP: 1/1
     1 | D:1      | Found a snail-covered altar of Cheibriados.
    64 | D:1      | Reached XP level 2. HP: 8/22 MP: 2/2
   347 | D:1      | Reached XP level 3. HP: 27/27 MP: 3/3
   503 | D:1      | Reached skill level 5 in Ranged Weapons
  1066 | D:2      | Reached XP level 4. HP: 24/33 MP: 4/4
  1309 | D:2      | Found a broken altar of Ashenzari.
  1709 | D:3      | Reached skill level 6 in Ranged Weapons
  1709 | D:3      | Reached XP level 5. HP: 24/38 MP: 5/5
  2077 | D:3      | HP: 1/38 [poisoned by a scorpion]
  2077 | D:3      | Mangled by a scorpion

Illustrated notes

Levels and vault maps discovered:
D:1:      sevenhm_arrival_forest_fort_small_6, layout_loops_ring
D:2:      layout_basic, basic_altar
D:3:      kennysheep_six_static_rooms, layout_basic, uniq_robin

Skill      XL: |  1  2  3  4 |
---------------+-------------+-----
Ranged Weapons | 5 6 |  6.2
Fighting       | |  2.1
Dodging        | |  1.7
Stealth        | |  1.2

Action                   |  1- 3 |  4- 6 || total
-------------------------+-------+-------++-------
 Fire: Shortbow          |    75 |    69 ||   144
 Abil: Dig               |     1 |       ||     1
Armor: Leather armour    |     3 |     4 ||     7
Dodge: Dodged            |    17 |    13 ||    30

Table legend: (Time is in decaauts)
 A = Elapsed time spent in this place.
 B = Non-inter-level travel time spent in this place.
 C = Inter-level travel time spent in this place.
 D = Time resting spent in this place.
 E = Time spent auto-exploring this place.
 F = Levels seen in this place.
 G = Mean time per level.
                   A        B        C        D        E       F      G
               +--------+--------+--------+--------+--------+-----+--------+
         Total |   2115 |   2021 |     94 |    190 |   1516 |   3 |  705.0 |
       Dungeon |   2115 |   2021 |     94 |    190 |   1516 |   3 |  705.0 |
               +--------+--------+--------+--------+--------+-----+--------+

Top non-repeatable levels by time:
     D:1: 944 daAuts
     D:2: 786 daAuts
     D:3: 384 daAuts
